 Dungeon Crawl Stone Soup version 0.22.1-1-ga44c0e5 (webtiles) character file.

67755 jerryfan the Slingshot (level 15, -2/107 HPs)
             Began as a Halfling Hunter on Sept 25, 2018.
             Was the Champion of Ru.
             Slain by a harpy simulacrum (15 damage)
             ... in an ice cave on Oct 2, 2018.
             The game lasted 01:59:11 (28010 turns).

jerryfan the Slingshot (Halfling Hunter)           Turns: 28010, Time: 01:59:13

Health: -2/107     AC:  8    Str: 16    XL:     15   Next: 67%
Magic:  9/15       EV: 29    Int: 11    God:    Ru [******]
Gold:   745        SH:  0    Dex: 29    Spells: 14/14 levels left

rFire    . . .     SeeInvis +   a - +5 hunting sling
rCold    . . .     Gourm    .   (shield restricted)
rNeg     . . .     Faith    .   S - +2 robe {MR+}
rPois    +         Spirit   .   (helmet restricted)
rElec    +         Reflect  .   n - scarf {cloud immunity}
rCorr    +         Harm     .   c - +0 pair of gloves {Str+3}
MR       ++...                  L - +2 pair of boots {Fly}
Stlth    ++........             (no amulet)
HPRegen  0.27/turn              d - +5 ring of dexterity
MPRegen  0.14/turn              g - ring of see invisible

@: exhausted, resistant, flying, very slightly contaminated, drained
A: small, horns 1, agile 1, clever 1, mutation resistance 1, no potion heal 1,
inability to use devices, hated by all, temperature sensitive
a: Draw Out Power, Power Leap, Apocalypse, Renounce Religion


You were in an ice cave.
You worshipped Ru.
Ru was exalted by your worship.
You were not hungry.

You visited 5 branches of the dungeon, and saw 22 of its levels.
You also visited: Ice Cave.

You collected 2144 gold pieces.
You spent 1399 gold pieces at shops.

Inventory:

Hand Weapons
 a - a +5 hunting sling (weapon)
 l - the +6 short sword "Feve Telie" {freeze, +Fly}
   (You bought it in a shop on level 2 of the Orcish Mines)

   It has been specially enchanted to freeze those struck by it, causing extra
   injury to most foes and up to half again as much damage against particularly
   susceptible opponents.
   It can also slow down cold-blooded creatures.
   It lets you fly.
 D - a +5 dagger of freezing
 F - a +6 quick blade
 W - the +7 quarterstaff "Yjesanoo" {crush, rElec Stlth+}
   (You bought it in a shop on level 10 of the Dungeon)

   It inflicts extra damage upon your enemies.
   It insulates you from electricity.
   It makes you more stealthy.
 Z - a +0 blowgun
Missiles
 b - 6 needles of paralysis
 e - 182 stones (quivered)
 k - 55 poisoned needles
 p - 5 tomahawks of returning
 u - 2 throwing nets
 I - 34 tomahawks
Armour
 c - a +0 pair of gloves of strength (worn)
 j - a +0 pair of gloves
 n - a scarf of cloud immunity (worn)
 L - a +2 pair of boots of flying (worn)
 S - a +2 robe of magic resistance (worn)
 V - a +2 ring mail of poison resistance
 X - a +2 leather armour of poison resistance
Jewellery
 d - a +5 ring of dexterity (left hand)
 g - a ring of see invisible (right hand)
 h - an uncursed ring of positive energy
 o - an uncursed ring of teleportation
 t - an uncursed ring of resist corrosion
 v - an uncursed ring of stealth
 y - an uncursed ring of protection from cold
 C - an uncursed ring of wizardry
 O - an uncursed ring of positive energy
 P - an uncursed ring of poison resistance
 U - an uncursed ring of magical power
Scrolls
 r - 6 scrolls of amnesia
 w - 10 scrolls of remove curse
 x - a scroll of blinking
 B - 5 scrolls of fear
 E - 3 scrolls of magic mapping
 J - 2 scrolls of fog
 K - 4 scrolls of identify
 M - a scroll of immolation
 R - a scroll of teleportation
Potions
 i - 5 potions of haste
 m - 3 potions of curing
 q - 2 potions of degeneration
 s - 4 potions of agility
 z - 2 potions of resistance
 A - 2 potions of flight
 H - 2 potions of cancellation
 N - a potion of lignification
 Q - 2 potions of heal wounds
 T - a potion of brilliance
 Y - a potion of magic
Comestibles
 f - 34 rations
 G - 2 chunks of flesh


   Skills:
 + Level 11.2(9.8) Fighting
 + Level 13.8(12.3) Short Blades
 * Level 21.9(20.2) Slings
 + Level 13.0(11.6) Dodging
 - Level 1.1(0.0) Stealth


You had 14 spell levels left.
You didn't know any spells.
Your spell library contained the following spells:

 Spells                   Type           Power        Failure   Level  Hunger
 Corona                   Hex            #......      34%         1    ##.....
 Flame Tongue             Conj/Fire      #....        34%         1    ##.....
 Magic Dart               Conj           #...         34%         1    ##.....
 Shock                    Conj/Air       #...         34%         1    ##.....
 Blink                    Tloc           N/A          47%         2    ###....
 Slow                     Hex            #.......     47%         2    ###....
 Swiftness                Chrm/Air       #.......     47%         2    ###....
 Throw Flame              Conj/Fire      #.....       47%         2    ###....
 Conjure Flame            Conj/Fire      #.......     71%         3    ####...
 Inner Flame              Hex/Fire       #.......     71%         3    ####...
 Mephitic Cloud           Conj/Pois/Air  #.......     71%         3    ####...
 Portal Projectile        Hex/Tloc       #.....       71%         3    ####...
 Static Discharge         Conj/Air       #.......     71%         3    ####...
 Airstrike                Air            #.........   98%         4    #####..
 Cause Fear               Hex            #.........   98%         4    #####..
 Leda's Liquefaction      Hex/Erth       #.........   98%         4    #####..
 Sticky Flame             Conj/Fire      #.......     98%         4    #####..
 Fireball                 Conj/Fire      #.........   100%        5    ######.
 Lightning Bolt           Conj/Air       #.........   100%        5    ######.
 Call Imp                 Summ           Unusable     N/A         2    N/A

Dungeon Overview and Level Annotations

Branches:
Dungeon (12/15)            Temple (1/1) D:4            Lair (6/6) D:11
 Shoals (1/4) Lair:3        Snake (0/4) Lair:2        Slime (0/5) Lair:5
    Orc (2/2) D:9             Elf (0/3) Orc:2

Altars:
Ashenzari
Cheibriados
Dithmenos
Elyvilon
Fedhas
Gozag
Kikubaaqudgha
Makhleb
Nemelex Xobeh
Okawaru
Qazlal
Ru
Sif Muna
Trog
Uskayaw
Vehumet
Wu Jian
Yredelemnul
Zin
The Shining One

Shops:
D:10 :=*   Orc:2 (=%[

Annotations:
D:7 exclusion: 3 doors
D:8 exclusions: downstairs and wight
D:11 2 transporters, exclusion: door, Ghost6211's ghost, journeyman OpFi
D:12 exclusion: orange crystal statue
Lair:2 Gastronok
Lair:3 exclusion: 4 oklob plants
Lair:4 1 runed door, Kirke; Xexuamef's ghost, journeyman DEEE
Lair:5 exclusion: 2 oklob plants
Shoals:1 exclusion: ice statue, Roxanne
Orc:1 exclusion: 2 downstairs
Orc:2 3 runed doors, Shimizu's ghost, journeyman BaIE


Innate Abilities, Weirdness & Mutations

You are small and have problems with some larger weapons.
You are somewhat resistant to further mutation.
Potions are less effective at restoring your health.
You cannot study or use magical devices.
You are hated by all.
You are sensitive to extremes of temperature. (rF-, rC-)
You have a pair of small horns on your head.
You are agile. (Dex +2)
Your mind is acute. (Int +2)


Message History

Press: ? - help, Shift-Dir - straight line, f - harpy simulacrum
Aim: a harpy simulacrum (moderately damaged)
You shoot a stone. The stone hits the harpy simulacrum.
The harpy simulacrum is heavily damaged.
Firing (i - inventory. (/) - cycle)
e - 184 stones (quivered)
Press: ? - help, Shift-Dir - straight line, f/p - harpy simulacrum
Aim: a harpy simulacrum (heavily damaged)
You shoot a stone. The stone hits the harpy simulacrum.
The harpy simulacrum is severely damaged.
Firing (i - inventory. (/) - cycle)
e - 183 stones (quivered)
Press: ? - help, Shift-Dir - straight line, f/p - harpy simulacrum
Aim: a harpy simulacrum (severely damaged)
You shoot a stone. The stone hits the harpy simulacrum.
The harpy simulacrum is almost destroyed.
The anaconda simulacrum is no longer blind.
The harpy simulacrum completely misses you.
The harpy simulacrum claws you.
* * * LOW HITPOINT WARNING * * *
The harpy simulacrum freezes you!
You die...

###########
#.@Z((Z..§#
#....∩....#
#.......(.#
#.........#
#....∩....#
##...(...##
##..(..##
###.### ...


You could see an anaconda simulacrum and a harpy simulacrum.

Vanquished Creatures
  Frances (Shoals:1)
  4 ogre magi (Orc:2)
  4 hydras
  A catoblepas (Lair:2)
  14 two-headed ogres
  3 death yaks
  A sea snake (Shoals:1)
  An unseen horror (D:12)
  5 harpies (Shoals:1)
  4 orc sorcerers (Orc:2)
  2 wolf spiders
  A deep elf mage (D:11)
  2 cyclopes (Orc:2)
  A manticore (Shoals:1)
  3 centaur zombies
  6 elephants (Lair:6)
  9 black mambas (Lair:6)
  2 merfolk sirens
  12 spiny frogs
  A guardian serpent (Lair:6)
  2 centaur skeletons
  3 rime drakes
  5 komodo dragons
  4 trolls
  3 polar bears (Lair:6)
  2 hornets (Lair:6)
  4 dream sheep (Lair:6)
  A snapping turtle (Shoals:1)
  3 blink frogs (Lair:4)
  5 hippogriffs
  2 redbacks (Lair:6)
  A wraith (D:9)
  5 hogs (Lair:4)
  42 yaks
  A basilisk (Lair:2)
  13 wyverns
  3 hungry ghosts
  Grum (D:8)
  Menkaure (D:5)
  2 wargs
  A soldier ant (D:12)
  17 water moccasins
  An iron troll simulacrum (IceCv)
  4 porcupines
  A necrophage (D:8)
  11 ice beasts
  2 sky beasts
  3 black bears
  An eye of draining (D:11)
  12 orc warriors
  4 phantoms
  19 wolves
  32 ogres
  12 centaurs
  9 crocodiles
  16 bullfrogs
  4 scorpions
  16 killer bees
  5 electric eels (Lair:1)
  4 wights
  8 howler monkeys
  4 crimson imps
  A quasit (D:11)
  2 bullfrog skeletons
  7 hounds
  17 orc wizards
  8 orc priests
  3 iguanas
  7 hell rats
  11 worker ants
  6 ogre zombies (D:9)
  A hound zombie (D:10)
  2 hound skeletons
  A howler monkey zombie (D:10)
  A worker ant zombie (D:11)
  4 gnolls (D:6)
  4 river rats
  16 adders
  5 shadow imps
  An ooze (D:1)
  2 adder skeletons
  3 worms
  2 dart slugs
  12 leopard geckos
  53 orcs
  4 giant cockroaches
  11 goblins
  8 hobgoblins
  15 jackals
  7 kobolds
  8 quokkas
  6 bats
  7 frilled lizards
  3 goblin skeletons (D:9)
  3 goblin zombies (D:9)
  A hobgoblin zombie (D:9)
  4 orc skeletons (D:9)
  7 orc zombies (D:9)
  23 rats
  2 plants (Lair:4)
644 creatures vanquished.

Vanquished Creatures (others)
  A two-headed ogre (Orc:2)
  3 yaks
  An orc priest (Orc:2)
  An orc (Orc:2)
  16 fungi
  26 plants (Lair:6)
48 creatures vanquished.

Grand Total: 692 creatures vanquished

Notes
Turn   | Place    | Note
-------+----------+-------------------------------------------
     0 | D:1      | jerryfan the Halfling Hunter began the quest for the Orb.
     0 | D:1      | Reached XP level 1. HP: 14/14 MP: 1/1
    46 | D:1      | Reached skill level 6 in Slings
   152 | D:1      | Reached XP level 2. HP: 19/19 MP: 2/2
   260 | D:1      | Reached skill level 1 in Short Blades
   301 | D:1      | Reached XP level 3. HP: 24/24 MP: 3/3
   764 | D:1      | Reached XP level 4. HP: 29/29 MP: 4/4
  1073 | D:2      | Found a deep blue altar of Sif Muna.
  1132 | D:2      | Found a hide-covered altar of Uskayaw.
  1265 | D:2      | Found a white marble altar of Elyvilon.
  1322 | D:2      | Found a stormy altar of Qazlal.
  1632 | D:3      | Reached skill level 7 in Slings
  1644 | D:3      | Reached XP level 5. HP: 35/35 MP: 5/5
  2773 | D:4      | Found a staircase to the Ecumenical Temple.
  2791 | Temple   | Entered the Ecumenical Temple
  2806 | Temple   | Became a worshipper of Ru the Awakened
  2885 | D:4      | Reached XP level 6. HP: 15/41 MP: 6/6
  3359 | D:4      | Found a radiant altar of Vehumet.
  3582 | D:5      | Entered Level 5 of the Dungeon
  3588 | D:5      | You fall through a shaft for 3 floors!
  3763 | D:7      | Reached skill level 8 in Slings
  3764 | D:7      | Noticed a black bear
  3908 | D:7      | Noticed an ogre
  3984 | D:8      | Reached XP level 7. HP: 16/46 MP: 7/7
  4279 | D:8      | Noticed a hippogriff
  4292 | D:8      | Noticed a hippogriff
  4314 | D:8      | Noticed Grum
  4700 | D:5      | Noticed Menkaure
  4714 | D:5      | Killed Menkaure
  4714 | D:5      | Reached skill level 9 in Slings
  4732 | D:5      | Reached XP level 8. HP: 16/54 MP: 8/8
  4961 | D:5      | Found an iron altar of Okawaru.
  4989 | D:5      | Gained mutation: You are hated by all. [Ru sacrifice]
  4989 | D:5      | Reached * piety under Ru
  5373 | D:5      | Found a stormy altar of Qazlal.
  5423 | D:5      | Reached skill level 10 in Slings
  5423 | D:5      | Reached skill level 5 in Dodging
  5679 | D:5      | Reached skill level 5 in Short Blades
  5818 | D:5      | Found a glowing silver altar of Zin.
  5818 | D:5      | Noticed an angel
  6191 | D:6      | You fall through a shaft for 2 floors!
  6233 | D:8      | Noticed a two-headed ogre
  6442 | D:6      | Reached XP level 9. HP: 53/59 MP: 9/9
  6818 | D:7      | Reached skill level 11 in Slings
  6914 | D:7      | Reached skill level 5 in Fighting
  7142 | D:7      | Reached skill level 12 in Slings
  7532 | D:7      | Noticed a moth of wrath
  7535 | D:7      | Found a bloodstained altar of Trog.
  7692 | D:8      | Gained mutation: You cannot study or use magical devices.
                  | [Ru sacrifice]
  7692 | D:8      | Reached ** piety under Ru
  7692 | D:8      | Reached *** piety under Ru
  7739 | D:8      | Reached XP level 10. HP: 67/67 MP: 10/10
  7771 | D:8      | Noticed a two-headed ogre
  7794 | D:8      | Killed a two-headed ogre
  7794 | D:8      | Reached skill level 13 in Slings
  7904 | D:8      | Found a glowing silver altar of Zin.
  7916 | D:8      | Killed a two-headed ogre
  8132 | D:8      | Reached skill level 14 in Slings
  8352 | D:8      | Killed Grum
  8573 | D:9      | Found a shattered altar of Ashenzari.
  8677 | D:9      | Reached XP level 11. HP: 74/74 MP: 11/11
  8903 | D:9      | Noticed a two-headed ogre
  9159 | D:9      | Found a staircase to the Orcish Mines.
  9437 | D:10     | Entered Level 10 of the Dungeon
  9443 | D:10     | Found Sijaow's Book Boutique.
  9486 | D:11     | Found a staircase to the Lair.
  9486 | D:11     | Noticed a death yak
  9486 | D:11     | Noticed a death yak
  9486 | D:11     | Noticed a death yak
  9833 | D:11     | Noticed a deep elf mage
  9838 | D:11     | Killed a deep elf mage
  9838 | D:11     | Reached skill level 15 in Slings
 10409 | D:11     | Gained mutation: You are sensitive to extremes of
                  | temperature. (rF-, rC-) [Ru sacrifice]
 10409 | D:11     | Reached **** piety under Ru
 10409 | D:11     | Reached ***** piety under Ru
 10548 | D:11     | Found an opulent altar of Gozag.
 10594 | D:11     | Found a transporter.
 10594 | D:11     | Noticed a two-headed ogre
 10624 | D:11     | Noticed a two-headed ogre
 10625 | D:11     | Noticed a two-headed ogre
 10625 | D:11     | Noticed Ghost6211's ghost (journeyman OpFi)
 10627 | D:11     | Found a transporter.
 10975 | D:10     | Found Fidinof's Jewellery Boutique.
 10985 | D:10     | Bought a +5 ring of dexterity for 494 gold pieces
 11009 | D:10     | Found Roamaog's Assorted Antiques.
 11022 | D:10     | Bought a scroll labeled RUFAL LAAWUTE for 17 gold pieces
 11648 | D:9      | Reached skill level 16 in Slings
 11695 | D:9      | Killed a two-headed ogre
 11695 | D:9      | Reached XP level 12. HP: 60/82 MP: 12/12
 12598 | D:11     | Killed a death yak
 12598 | D:11     | Reached skill level 10 in Short Blades
 12598 | D:11     | Killed a death yak
 12720 | D:11     | Gained mutation: Potions are less effective at restoring
                  | your health. [Ru sacrifice]
 12720 | D:11     | Reached ****** piety under Ru
 13106 | D:12     | Found a sacrificial altar of Ru.
 13131 | D:12     | Reached skill level 17 in Slings
 13559 | D:12     | Reached skill level 10 in Dodging
 13700 | D:12     | Killed a death yak
 13879 | D:12     | Killed an unseen horror
 14335 | Lair:1   | Entered Level 1 of the Lair of Beasts
 14440 | Lair:1   | Noticed a five-headed hydra
 14610 | Lair:1   | Killed a five-headed hydra
 14610 | Lair:1   | Reached XP level 13. HP: 90/90 MP: 13/13
 14921 | Lair:1   | Reached skill level 18 in Slings
 16763 | Lair:2   | Found a staircase to the Snake Pit.
 16785 | Lair:2   | Noticed Gastronok
 17137 | Lair:2   | Noticed a catoblepas
 17266 | Lair:2   | Killed a catoblepas
 18056 | Lair:3   | Found a staircase to the Shoals.
 18185 | Lair:3   | Found a sparkling altar of Nemelex Xobeh.
 18875 | D:10     | Bought a steaming quarterstaff for 153 gold pieces
 18875 | D:10     | Bought a glowing leather armour for 85 gold pieces
 18875 | D:10     | Identified the +7 quarterstaff "Yjesanoo" {crush, rElec
                  | Stlth+} (You bought it in a shop on level 10 of the
                  | Dungeon)
 19222 | Lair:4   | Gained mutation: Your mind is acute. (Int +2) [potion of
                  | mutation]
 19222 | Lair:4   | Gained mutation: You have a pair of small horns on your
                  | head. [potion of mutation]
 19222 | Lair:4   | Gained mutation: You are agile. (Dex +2) [potion of
                  | mutation]
 19298 | Lair:4   | Noticed Kirke
 19436 | Lair:4   | Found a runed door.
 19436 | Lair:4   | Noticed Xexuamef's ghost (journeyman DEEE)
 19865 | Lair:4   | Reached skill level 19 in Slings
 20233 | Lair:5   | Found a staircase to the Slime Pits.
 20513 | Lair:5   | Noticed a four-headed hydra
 20523 | Lair:5   | Killed a four-headed hydra
 21374 | Lair:6   | Entered Level 6 of the Lair of Beasts
 21460 | Lair:6   | Paralysed by a hornet for 2 turns
 21879 | Lair:6   | Reached XP level 14. HP: 98/98 MP: 14/14
 22404 | Lair:6   | Reached skill level 10 in Fighting
 22733 | Lair:6   | Reached skill level 20 in Slings
 24955 | Orc:1    | Entered Level 1 of the Orcish Mines
 25368 | Orc:2    | Entered Level 2 of the Orcish Mines
 25574 | Orc:2    | Found a runed gate.
 25576 | Orc:2    | Found a runed gate.
 25576 | Orc:2    | Found a runed gate.
 25577 | Orc:2    | Noticed Shimizu's ghost (journeyman BaIE)
 26046 | Orc:2    | Reached XP level 15. HP: 98/105 MP: 15/15
 26255 | Orc:2    | Reached skill level 21 in Slings
 26797 | Orc:2    | Found a staircase to the Elven Halls.
 26825 | Orc:2    | Found Feluos's Weapon Shop.
 26825 | Orc:2    | Found Ufoep's Food Shoppe.
 26826 | Orc:2    | Found Beawnas's Jewellery Shoppe.
 26826 | Orc:2    | Found Joevvepy's Armour Boutique.
 26844 | Orc:2    | Bought a +0 pair of gloves of strength for 161 gold pieces
 26981 | Orc:2    | Bought the +6 short sword "Feve Telie" {freeze, +Fly} for
                  | 489 gold pieces
 27570 | Shoals:1 | Entered Level 1 of the Shoals
 27570 | Shoals:1 | Noticed Frances
 27586 | Shoals:1 | Killed Frances
 27866 | Shoals:1 | Noticed Roxanne
 27966 | Shoals:1 | Found a frozen archway.
 27976 | IceCv    | Entered an ice cave
 28010 | IceCv    | Slain by a harpy simulacrum

Skill      XL: |  1  2  3  4  5  6  7  8  9 10 11 12 13 14 15 |
---------------+----------------------------------------------+-----
Slings         | 6 7 8 9 10 12 14 16 17 19 20 21 | 21.9
Fighting       | 2 3 4 5 6 7 8 9 10 11 | 11.2
Short Blades   | 1 2 3 4 5 6 8 9 10 12 13 | 13.8
Dodging        | 3 4 5 6 8 9 10 11 12 13 | 13.0
Stealth        | |  1.1

Action                   |  1- 3 |  4- 6 |  7- 9 | 10-12 | 13-15 || total
-------------------------+-------+-------+-------+-------+-------++-------
Melee: Short sword       |    14 |   108 |    84 |    93 |    91 ||   390
       Quick blade       |       |       |       |    49 |    75 ||   124
       Headbutt          |       |       |       |       |    67 ||    67
       Dagger            |       |       |       |       |    25 ||    25
       Hunting sling     |       |       |       |       |    11 ||    11
 Fire: Hunting sling     |    83 |   141 |   271 |  1033 |  1411 ||  2939
Throw: Tomahawk          |       |       |       |     1 |     1 ||     2
       Stone             |       |       |       |     1 |       ||     1
       Throwing net      |       |       |       |       |     5 ||     5
Invok: Sacrifice Love    |       |       |     1 |       |       ||     1
       Sacrifice Artific |       |       |     1 |       |       ||     1
       Power Leap        |       |       |       |    15 |    40 ||    55
       Apocalypse        |       |       |       |     2 |     3 ||     5
       Sacrifice Resista |       |       |       |     1 |       ||     1
       Sacrifice Purity  |       |       |       |     1 |       ||     1
  Use: Scroll            |     3 |     7 |    12 |     6 |    21 ||    49
       Potion            |       |     6 |     5 |     3 |     7 ||    21
 Stab: Sleeping          |       |       |     1 |     1 |     1 ||     3
       Held in net/web   |       |       |       |       |     4 ||     4
       Paralysed         |       |       |       |       |     3 ||     3
       Distracted        |       |       |       |       |     2 ||     2
       Invisible         |       |       |       |       |     1 ||     1
  Eat: Chunk             |       |     7 |    10 |    17 |    32 ||    66
       Ration            |       |     1 |       |     1 |     2 ||     4
Armor: Leather armour    |     2 |    33 |    27 |    63 |    42 ||   167
       Skin              |       |    11 |       |       |       ||    11
       Robe              |       |       |       |       |     2 ||     2
Dodge: Dodged            |    26 |    72 |   132 |   360 |   522 ||  1112
